 Dungeon Crawl Stone Soup version 0.30-a0-778-g2ef04af (webtiles) character file.

Game seed: 7199890508266224464

1740 Illumine the Cudgeller (level 9, -3/56 HPs)
             Began as a Gargoyle Fighter on Feb 15, 2023.
             Was a Follower of Okawaru.
             Engulfed by a steam dragon's steam (10 damage)
             ... on level 6 of the Dungeon.
             The game lasted 00:11:08 (4952 turns).

Illumine the Cudgeller (Gargoyle Fighter)           Turns: 4952, Time: 00:11:08

Health: -3/56      AC: 27    Str: 24    XL:     9   Next: 5%
Magic:  11/11      EV:  6    Int:  9    God:    Okawaru [*.....]
Gold:   479        SH:  4    Dex:  9    Spells: 8/8 levels left

rFire   . . .      SeeInvis .    s - +2 flail (protect)
rCold   . . .      Faith    .    c - +0 buckler
rNeg    + . .      Spirit   .    p - +0 plate armour
rPois   ∞          Reflect  .    r - +0 helmet
rElec   +          Harm     .    (no cloak)
rCorr   .          Rampage  .    (no gloves)
Will    .....                    (no boots) Stlth
                                 q - amulet of the acrobat
HPRegen 0.29/turn                (no ring)
MPRegen 0.12/turn                (no ring)

@: under a protective aura, studying Ranged Weapons
A: sickness immunity, AC +6, negative energy resistance 1, electricity
resistance, torment resistance 1, petrification resistance
a: Renounce Religion, Heroism


You were on level 6 of the Dungeon.
You worshipped Okawaru.
Okawaru was aware of your devotion.
You visited 2 branches of the dungeon, and saw 7 of its levels.
You also visited: Ossuary.

You collected 479 gold pieces.

Inventory:

Hand Weapons
 s - a +2 flail of protection (weapon)
Missiles
 e - 3 atropa-tipped darts
 i - 18 poisoned darts (quivered)
Armour
 c - a +0 buckler (worn)
 p - a +0 plate armour (worn)
 r - a +0 helmet (worn)
Jewellery
 f - a ring of magical power
 q - an amulet of the acrobat (around neck)
 v - a ring of fire
 x - an amulet of magic regeneration
Wands
 y - a wand of iceblast (8)
Scrolls
 a - a scroll of enchant armour {unknown}
 b - a scroll of butterflies {unknown}
 g - 5 scrolls of teleportation
 h - a scroll of acquirement {unknown}
 j - a scroll of enchant weapon {unknown}
 l - a scroll of vulnerability {unknown}
 m - 2 scrolls of fog
 n - a scroll of fear
 w - a scroll of immolation {unknown}
 E - 2 scrolls of magic mapping {unknown}
 F - a scroll of amnesia {unknown}
Potions
 d - a potion of might
 k - 5 potions of resistance
 o - 4 potions of haste
 t - a potion of cancellation {unknown}
 u - 4 potions of flight
 z - a potion of curing {unknown}
 A - a potion of brilliance {unknown}
 B - a potion of lignification {unknown}
 C - 2 potions of heal wounds {unknown}
 D - a potion of mutation {unknown}


   Skills:
 + Level 6.6 Fighting
 * Level 7.7 Maces & Flails
 + Level 2.0 Ranged Weapons
 + Level 6.6 Armour
 - Level 4.0 Shields
 + Level 3.1 Invocations


You had 8 spell levels left.
You didn't know any spells.
Your spell library contained the following spells:

 Spells                   Type           Power      Damage    Failure   Level
 Ensorcelled Hibernation  Hex/Ice        0%         N/A       100%        2
 Passwall                 Tmut/Erth      0%         N/A       100%        2
 Gell's Gravitas          Tloc           0%         N/A       100%        3
 Spider Form              Tmut/Pois      0%         N/A       100%        3
 Swiftness                Air            0%         N/A       100%        3
 Teleport Other           Tloc           0%         N/A       100%        3
 Anguish                  Hex/Necr       0%         N/A       100%        4
 Conjure Ball Lightning   Conj/Air       0%         3x3d6     100%        6
 Dispersal                Tloc           0%         N/A       100%        6
 Discord                  Hex            0%         N/A       100%        8
 Disjunction              Tloc           0%         N/A       100%        8
 Summon Small Mammal      Summ           Unusable   N/A       N/A         1
 Call Canine Familiar     Summ           Unusable   N/A       N/A         3
 Summon Guardian Golem    Hex/Summ       Unusable   N/A       N/A         3
 Malign Gateway           Summ/Tloc      Unusable   N/A       N/A         7
 Summon Horrible Things   Summ           Unusable   N/A       N/A         8

Dungeon Overview and Level Annotations

Branches:
Dungeon (6/15)             Temple (1/1) D:5         Ossuary (visited)

Altars:
Ashenzari
Dithmenos
Elyvilon
Hepliaklqana
Kikubaaqudgha
Makhleb
Nemelex Xobeh
Okawaru
Ru
Trog
Wu Jian
Xom
Yredelemnul
Zin
The Shining One


Innate Abilities, Weirdness & Mutations

You are immune to sickness and miasma.
Your stone body is resilient. (AC +6)
You are immune to poison.
You resist negative energy. (rN+)
You are resistant to electric shocks. (rElec)
You are resistant to unholy torment.
You are immune to petrification.


Message History

You closely miss the steam dragon.
The steam dragon is lightly wounded.
You are engulfed in a cloud of scalding steam.
The steam dragon breathes steam at you. The ball of steam misses you.
You barely miss the steam dragon.
The steam dragon is lightly wounded.
The steam dragon bites you.
The steam dragon claws you but does no damage.
You barely miss the steam dragon.
The steam dragon is lightly wounded.
The steam dragon barely misses you. The steam dragon claws you.
You sock the steam dragon!
Your weapon exudes an aura of protection.
The steam dragon is heavily wounded.
You block the steam dragon's attack.
The steam dragon claws you but does no damage.
You hit the steam dragon but do no damage.
The steam dragon is heavily wounded.
The steam dragon breathes steam at you.
The ball of steam hits you but does no damage.
You barely miss the steam dragon.
The steam dragon is heavily wounded.
You are engulfed in a cloud of scalding steam.
The steam dragon bites you but does no damage.
The steam dragon closely misses you.
You barely miss the steam dragon.
The steam dragon is heavily wounded.
You are engulfed in a cloud of scalding steam.
The steam dragon barely misses you. You block the steam dragon's attack.
You barely miss the steam dragon.
The steam dragon is heavily wounded.
The steam dragon breathes steam at you. The ball of steam hits you!
* * * LOW HITPOINT WARNING * * *
Okay, then.
As you read the scroll of fear, it crumbles to dust.
You assume a fearsome visage.
The steam dragon looks frightened!
You are engulfed in a cloud of scalding steam.
You die...

##...#######
#.+ ###...##
### #.....#
#...###
#§§## ####
#.##
########...
#§#
##(.........
#.#
#......<####
#@#
#..######
#D## # #(.#
#...# #.....
........
#..........
#...#...##.
#..##..##


You could see a steam dragon (fleeing, catching breath).

Vanquished Creatures
  A vampire mosquito (D:5)
  A black bear (D:6)
  2 ogres
  3 phantoms
  A scorpion (D:4)
  4 necrophages
  2 howler monkeys (D:5)
  3 hounds
  4 jellies
  Jessica (D:2)
  4 iguanas
  2 orc wizards (D:3)
  A scorpion zombie (D:3)
  2 hound zombies (D:3)
  8 mummies (Ossuary)
  6 gnolls
  6 adders
  A shadow imp (D:5)
  2 white imps (D:5)
  2 dart slugs
  10 orcs
  2 endoplasms
  4 giant cockroaches
  A gnoll zombie (Ossuary)
  4 goblins
  9 hobgoblins
  7 kobolds
  4 quokkas
  4 ball pythons
  6 bats
  2 frilled lizards
  A goblin zombie (D:4)
  3 hobgoblin zombies (Ossuary)
  A kobold zombie (Ossuary)
  3 orc zombies (Ossuary)
  A quokka zombie (D:3)
  6 rats
124 creatures vanquished.

Notes
Turn   | Place    | Note
-------+----------+-------------------------------------------
     0 | D:1      | Illumine the Gargoyle Fighter began the quest for the Orb.
     0 | D:1      | Reached XP level 1. HP: 14/14 MP: 1/1
   140 | D:1      | Found a faded altar of an unknown god.
   167 | D:1      | Reached XP level 2. HP: 19/19 MP: 2/2
   707 | D:2      | Noticed Jessica
   713 | D:2      | Killed Jessica
   714 | D:2      | Reached XP level 3. HP: 24/24 MP: 3/3
  1336 | D:2      | Reached skill level 3 in Maces & Flails
  1336 | D:2      | Reached XP level 4. HP: 28/29 MP: 4/4
  1623 | D:3      | Found a burning altar of Makhleb.
  1630 | D:3      | Found a hazy altar of Hepliaklqana.
  1877 | D:3      | Reached XP level 5. HP: 4/33 MP: 5/5
  2070 | D:3      | Found a basalt altar of Yredelemnul.
  2204 | D:3      | Noticed an ogre
  2306 | D:3      | Killed an ogre
  2307 | D:3      | Reached skill level 4 in Maces & Flails
  2307 | D:3      | Reached XP level 6. HP: 35/39 MP: 6/6
  2584 | D:4      | Identified the +6 dagger "Conservator" {heavy, rC- Str+2
                  | Int+4 Stlth+}
  2686 | D:4      | Found a sparkling altar of Nemelex Xobeh.
  2690 | D:4      | Reached skill level 5 in Maces & Flails
  2690 | D:4      | Reached XP level 7. HP: 39/44 MP: 7/7
  2827 | D:4      | Reached skill level 5 in Armour
  2900 | D:4      | Found a sand-covered staircase.
  2929 | D:4      | Reached skill level 5 in Fighting
  2953 | Ossuary  | Entered an ossuary
  3462 | D:4      | Reached skill level 6 in Maces & Flails
  3582 | D:5      | Entered Level 5 of the Dungeon
  3633 | D:5      | Found a staircase to the Ecumenical Temple.
  3672 | Temple   | Entered the Ecumenical Temple
  3679 | Temple   | Became a worshipper of Warmaster Okawaru
  3707 | D:5      | Reached XP level 8. HP: 46/50 MP: 8/8
  3736 | D:5      | Reached skill level 1 in Invocations
  3811 | D:5      | Reached * piety under Okawaru
  3849 | D:5      | Reached skill level 7 in Maces & Flails
  4362 | D:5      | Reached skill level 1 in Ranged Weapons
  4652 | D:6      | Reached XP level 9. HP: 56/56 MP: 11/11
  4952 | D:6      | Engulfed by a steam dragon's steam

Illustrated notes

Levels and vault maps discovered:
D:1:      pf_arrival_petrified_forest, layout_loops_ring,
          chequers_ecumenical_altar_island, minmay_cupped
D:2:      layout_basic, minmay_worlds_worst_comb, uniq_jessica
D:3:      layout_loops_corners, nicolae_yredelemnul_corpse_copse,
          grunt_temple_overflow_open, minmay_misc_feat_diagonals,
          dreamdust_princess_bridge, minmay_misc_feat_x,
          amcnicky_mini_pool_small, minmay_misc_feat_secret_circle
D:4:      layout_rooms, nicolae_overflow_crystal_walls, enter_ossuary_3,
          nicolae_elevator_lobby_plus
D:5:      layout_basic, minmay_temple_entry_antechambers,
          minmay_manual_monstrance
D:6:      layout_layer_cave, grunt_ministairs_15
Temple:   nicolae_temple_ecumenical_triangle

Skill      XL: |  1  2  3  4  5  6  7  8  9 |
---------------+----------------------------+-----
Maces & Flails | 3 4 5 6 7 |  7.7
Fighting       | 4 5 6 |  6.6
Armour         | 4 5 6 |  6.6
Shields        | 4 |  4.0
Invocations    | 3 |  3.1
Ranged Weapons | 1 2 |  2.0

Action                     |  1- 3 |  4- 6 |  7- 9 || total
---------------------------+-------+-------+-------++-------
  Melee: Flail             |    74 |   148 |   320 ||   542
  Throw: Dart              |     1 |     9 |    11 ||    21
    Use: Scroll            |     2 |     4 |     3 ||     9
         Potion            |       |     1 |     1 ||     2
 Armour: Scale mail        |    27 |       |       ||    27
         Plate armour      |    28 |   134 |   173 ||   335
  Dodge: Dodged            |    28 |    50 |   110 ||   188
  Block: Buckler           |    19 |    26 |    63 ||   108

Table legend: (Time is in decaauts)
 A = Elapsed time spent in this place.
 B = Non-inter-level travel time spent in this place.
 C = Inter-level travel time spent in this place.
 D = Time resting spent in this place.
 E = Time spent auto-exploring this place.
 F = Levels seen in this place.
 G = Mean time per level.
                   A        B        C        D        E       F      G
               +--------+--------+--------+--------+--------+-----+--------+
         Total |   5050 |   4957 |     93 |    491 |   2797 |   8 |  631.2 |
       Dungeon |   4651 |   4558 |     93 |    395 |   2768 |   6 |  775.2 |
        Temple |     12 |     12 |      0 |      0 |      0 |   1 |   12.0 |
       Ossuary |    386 |    386 |      0 |     96 |     29 |   1 |  386.0 |
               +--------+--------+--------+--------+--------+-----+--------+

Top non-repeatable levels by time:
     D:3: 1066 daAuts
     D:5: 1028 daAuts
     D:4: 793 daAuts
     D:2: 734 daAuts
     D:1: 682 daAuts
 Ossuary: 386 daAuts
     D:6: 346 daAuts
  Temple: 12 daAuts
